Map: Orbital Shipyard

Players

nDieThyrym

  • Race: Protoss Protoss
  • League: Gold

ChitogeBesto - Winner!

  • Race: Zerg Zerg
  • League: Master

Event: Lycan League Weekly August #1

VOD

Have the link to the VOD?

Description

Time

  • Played on: Aug. 3, 2015, 12:19 p.m.
  • Length: 7:41

All games in this series

Show
View Real Time Build Order
Export as new Build Order

nDieThyrym Protoss 

Build Orders: 1 Gate Expand 

Get SALT Encoding   

  12  0:01  Probe  
  13  0:14  Pylon  
  13  0:18  Probe  
  14  0:32  Probe (Chrono Boost)  
  15  0:36  Gateway  
  15  0:44  Probe (Chrono Boost)  
  16  0:52  Probe (Chrono Boost)  
  17  1:01  Probe  
  18  1:15  Nexus  
  18  1:23  Zealot (Chrono Boost)  
  20  1:32  Forge  
  20  1:39  Assimilator  
  20  1:48  Cybernetics Core  
  20  1:57  Pylon  
  20  1:59  Zealot (Chrono Boost)  
  22  2:10  Photon Cannon  
  22  2:28  Probe (Chrono Boost)  
  22  2:29  Zealot  
  25  2:34  Assimilator  
  25  2:40  Probe (Chrono Boost)  
  27  2:44  Probe (Chrono Boost)  
  27  2:50  Protoss Ground Weapons Level 1 (Chrono Boost)  
  27  2:51  Probe x2  
  28  2:57  Pylon  
  29  3:03  Probe  
  29  3:05  Pylon  
  30  3:12  Stalker  
  32  3:22  Mothership Core (Chrono Boost)  
  34  3:33  Pylon  
  33  3:46  Stalker, Photon Cannon  
  35  3:56  Warp Gate  
  35  4:01  Probe (Chrono Boost)  
  36  4:05  Probe (Chrono Boost)  
  37  4:12  Probe (Chrono Boost)  
  37  4:15  Probe (Chrono Boost)  
  39  4:19  Probe (Chrono Boost)  
  39  4:21  Probe  
  41  4:28  Twilight Council  
  41  4:29  Pylon  
  41  4:30  Probe  
  42  4:33  Probe (Chrono Boost)  
  43  4:42  Stalker (Chrono Boost)  
  43  4:45  Probe (Chrono Boost)  
  46  4:52  Probe (Chrono Boost)  
  47  4:54  Gateway  
  47  4:56  Gateway  
  47  5:04  Probe x2  
  47  5:05  Protoss Ground Weapons Level 2 (Chrono Boost)  
  49  5:10  Stalker (Chrono Boost)  
  51  5:16  Probe  
  51  5:21  Probe  
  48  5:59  Probe x2  
  50  6:11  Probe x2, Zealot x2  
  56  6:19  Assimilator  
  56  6:21  Assimilator  
  56  6:23  Probe, Nexus  
  56  6:25  Stalker  
  59  6:26  Dark Shrine  
  59  6:28  Pylon  
  59  6:34  Gateway  
  59  6:40  Probe  
  59  6:45  Pylon  
  59  6:46  Stalker x2  
  52  7:03  Stalker  
  54  7:10  Stalker x2  
Show
View Real Time Build Order
Export as new Build Order

ChitogeBesto Zerg - Winner!

Build Orders: Pool First 

Get SALT Encoding   

  12  0:01  Drone  
  13  0:09  Drone  
  14  0:14  Extractor  
  14  0:16  Drone  
  14  0:32  Spawning Pool  
  13  0:41  Drone  
  14  0:44  Overlord  
  14  0:52  Drone, Extractor  
  15  1:21  Zergling x4  
  15  1:22  Metabolic Boost, Zergling x2  
  18  1:25  Queen  
  21  1:32  Zergling x2  
  21  1:53  Hatchery  
  20  1:56  Zergling x2  
  21  2:04  Overlord  
  21  2:10  Drone  
  22  2:24  Drone  
  23  2:35  Zergling x2  
  24  2:38  Queen  
  26  2:54  Overlord  
  26  2:55  Drone x2  
  26  2:56  Drone  
  29  3:10  Queen  
  29  3:11  Drone x5  
  29  3:12  Drone  
  37  3:28  Drone  
  37  3:33  Roach Warren  
  37  3:41  Drone x5  
  41  4:03  Overlord  
  41  4:04  Extractor x2  
  39  4:10  Hatchery, Drone x2  
  39  4:11  Drone x3  
  43  4:20  Lair  
  43  4:22  Drone x2  
  45  4:30  Drone x4  
  45  4:31  Drone  
  50  4:34  Overlord  
  50  4:50  Overlord x2  
  50  4:57  Roach x4  
  58  5:04  Overlord, Roach  
  60  5:15  Roach x5  
  70  5:23  Glial Reconstitution  
  70  5:28  Spore Crawler, Drone  
  69  5:31  Drone, Spore Crawler  
  69  5:34  Roach  
  69  5:35  Roach x2  
  74  5:43  Roach x3  
  79  5:50  Roach  
  79  5:54  Overlord  
  79  6:06  Ravager x3  
  82  6:12  Drone x2  
  82  6:13  Overlord x3  
  82  6:14  Drone x4  
  82  6:15  Drone x2  
  90  6:37  Roach  
  90  6:38  Roach x8  
  112  6:47  Roach x3  
  108  7:11  Roach x3  
  108  7:12  Roach x3  

Tags
 
Add a new tag
Caveats
  • Supply blocks, unpowered buildings, or Contaminate may cause inaccurate times.
  • Supply counts are checked every 10 seconds.